 Dungeon Crawl Stone Soup version 0.27-a0-553-ge0ab5a2769 (webtiles) character file.

Game seed: 4805998225761231245

21 Chiseanne the Magician (level 2, -1/19 HPs)
             Began as a Demonspawn Hedge Wizard on Mar 8, 2021.
             Slain by a worm (9 damage)
             ... on level 2 of the Dungeon.
             The game lasted 00:01:19 (1750 turns).

Chiseanne the Magician (Demonspawn Hedge Wizard)    Turns: 1750, Time: 00:01:20

Health: -1/19      AC:  3    Str: 10    XL:     2   Next: 65%
Magic:  1/6        EV: 12    Int: 15    God:
Gold:   49         SH:  0    Dex: 12    Spells: 6/7 levels left

rFire    . . .     SeeInvis .   h - +0 short sword
rCold    . . .     Faith    .   (no shield)
rNeg     . . .     Spirit   .   b - +0 robe
rPois    .         Reflect  .   c - +0 hat
rElec    .         Harm     .   m - +0 cloak
rCorr    .         Rampage  .   (no gloves)
Will     .....                  (no boots)
Stlth    ++........             (no amulet)
HPRegen  0.06/turn              (no ring)
MPRegen  0.10/turn              (no ring)

@: no status effects
A: foul stench 1
a: no special abilities


You were on level 2 of the Dungeon.
You visited 1 branch of the dungeon, and saw 2 of its levels.

You collected 49 gold pieces.

Inventory:

Hand Weapons
 h - a +0 short sword (weapon)
Missiles
 d - 96 stones
 g - 24 bolts
Armour
 b - a +0 robe (worn)
 c - a +0 hat (worn)
 m - a +0 cloak (worn)
Scrolls
 e - 2 scrolls of identify {unknown}
 f - 2 scrolls of magic mapping {unknown}
 i - a scroll of immolation {unknown}
 k - a scroll of blinking {unknown}
Potions
 a - a potion of curing {unknown}
 j - a potion of mutation {unknown}
 l - a potion of might {unknown}
 n - a potion of attraction {unknown}


   Skills:
 - Level 1.7 Dodging
 - Level 1.7 Stealth
 * Level 3.4 Spellcasting
 * Level 2.0 Conjurations
 - Level 1.0 Summonings
 - Level 0.8 Translocations


You had 6 spell levels left.
You knew the following spells:

 Your Spells              Type           Power      Damage    Failure   Level
a - Magic Dart            Conj           32%        1d4       9%          1

Your spell library contained the following spells:

 Spells                   Type           Power      Damage    Failure   Level
 Call Imp                 Summ           5%         N/A       19%         2
 Blink                    Tloc           N/A        N/A       21%         2
 Slow                     Hex            2%         N/A       28%         2
 Conjure Flame            Conj/Fire      5%         6-21      36%         3
 Mephitic Cloud           Conj/Pois/Air  4%         N/A       41%         3


Dungeon Overview and Level Annotations

Branches:
Dungeon (2/15)

Altars:


Innate Abilities, Weirdness & Mutations

You may rarely emit foul miasma when damaged in melee.


Message History

Aim: a worm (0% to evade)
The magic dart hits the worm.
The worm is moderately wounded.
Casting: Magic Dart (safe; 9% risk of failure)
Confirm with . or Enter, or press ? or * to list all spells.
Aiming: Magic Dart (safe; 9% risk of failure)
Press: ? - help, Shift-Dir - straight line, f/p - worm
Aim: a worm (lightly wounded, 0% to evade)
The magic dart hits the worm.
The worm is moderately wounded.
Casting: Magic Dart (safe; 9% risk of failure)
Confirm with . or Enter, or press ? or * to list all spells.
Aiming: Magic Dart (safe; 9% risk of failure)
Press: ? - help, Shift-Dir - straight line, f/p - worm
Aim: a worm (moderately wounded, 0% to evade)
The magic dart hits the worm.
The worm is moderately wounded.
Casting: Magic Dart (safe; 9% risk of failure)
Confirm with . or Enter, or press ? or * to list all spells.
Aiming: Magic Dart (safe; 9% risk of failure)
Press: ? - help, Shift-Dir - straight line, f/p - worm
Aim: a worm (moderately wounded, 0% to evade)
The magic dart hits the worm.
The worm is moderately wounded.
The worm closely misses you.
You hit the worm.
The worm is moderately wounded.
You hit the worm.
The worm is heavily wounded.
The worm bites you!
Your magical contamination has completely faded away.
You hit the worm.
The worm is severely wounded.
The worm bites you.
You hit the worm but do no damage.
The worm is heavily wounded.
You barely miss the worm.
The worm is heavily wounded.
The worm bites you!
You die...

##..#
#........#
###)##
##.#######
.....#
##.##
###..#
##...##
###..#
#...>.##
.....#
#......#
.###.#
#......#
.# #.#
##...#.#
.###.#
#####@#
.....#
#.w......
.#####
#####.###
.# ##


You could see a worm.

Vanquished Creatures
  2 leopard geckos (D:1)
  A ball python (D:1)
  A goblin (D:1)
  3 hobgoblins (D:1)
  2 kobolds (D:1)
  5 bats (D:1)
  4 frilled lizards (D:1)
  2 rats
20 creatures vanquished.

Notes
Turn   | Place    | Note
-------+----------+-------------------------------------------
     0 | D:1      | Chiseanne the Demonspawn Hedge Wizard began the quest for
                  | the Orb.
     0 | D:1      | Reached XP level 1. HP: 13/13 MP: 4/4
   550 | D:1      | Gained mutation: You may rarely emit foul miasma when
                  | damaged in melee. [demonic ancestry]
   550 | D:1      | Reached XP level 2. HP: 19/19 MP: 0/6
  1750 | D:2      | Slain by a worm

Illustrated notes

Levels and vault maps discovered:
D:1:      tarquinn_simple_flora_water_e, layout_basic, serial_curves,
          eino_curves_04, eino_curves_01, minmay_tetromino_l4
D:2:      layout_loops_corners, kennysheep_generic_room_15

Skill      XL: |  1  2 |
---------------+-------+-----
Conjurations   | 2 |  2.0
Dodging        | |  1.7
Stealth        | |  1.7
Spellcasting   | |  3.4
Summonings     | |  1.0
Translocations | |  0.8

Action                   || total
-------------------------++-------
Melee: Dagger            ||     8
       Short sword       ||     5
 Cast: Magic Dart        ||    50
Armor: Robe              ||     1
Dodge: Dodged            ||     9

Table legend: (Time is in decaauts)
 A = Elapsed time spent in this place.
 B = Non-inter-level travel time spent in this place.
 C = Inter-level travel time spent in this place.
 D = Time resting spent in this place.
 E = Time spent auto-exploring this place.
 F = Levels seen in this place.
 G = Mean time per level.
                   A        B        C        D        E       F      G
               +--------+--------+--------+--------+--------+-----+--------+
         Total |   1749 |   1735 |     14 |    446 |   1183 |   2 |  874.5 |
       Dungeon |   1749 |   1735 |     14 |    446 |   1183 |   2 |  874.5 |
               +--------+--------+--------+--------+--------+-----+--------+

Top non-repeatable levels by time:
     D:1: 1560 daAuts
     D:2: 189 daAuts
